AoeStats
← Clueless Clown

MegaRandom

506515075Analyzed
4v4 RM · 17d ago on Sep 13, 2026· 30m 59s· 8 players
Game mode
Random Map
Map size
Large (8 player)
Population
200
Speed
Normal
Resources
Standard
Victory
Conquest
Starting age
Dark Age
Ending age
Imperial Age
RankedLock teamsTeams togetherTeam positionsShared explorationLock speedFull tech treeHidden civsTurbo modeCheats
Victory
Defeat
🇮🇹 Tatars · Italy
1131
+16
🇷🇴 Franks · Romania
1124
+16
🇩🇪 Spanish · Germany
1112
+17
🇩🇪 Tupi · Germany
1110
+17
🇨🇴 Mongols · Colombia
1356
-26
🇨🇱 Lithuanians · Chile
1124
-16
🇺🇸 Jurchens · United States
1119
-16
🇨🇴 Byzantines · Colombia
918
-8
Pinselchen
11:09 Feudal Age
10:35 Loom
12:46 Wheelbarrow
15:22 Castle Age
14:08 Stone Mining
15:16 Double-Bit Axe
24:39 Fletching
25:37 Padded Archer Armor
27:37 Bow Saw
27:09 Horse Collar
27:22 Gold Mining
28:21 Leather Archer Armor
29:25 Bodkin Arrow
Darth Joker2673
5:30 Loom
6:51 Loom
9:35 Feudal Age
10:07 Double-Bit Axe
16:18 Castle Age
14:40 Stone Mining
14:55 Gold Mining
15:17 Fletching
16:03 Padded Archer Armor
16:27 Horse Collar
18:35 Ballistics
18:21 Bodkin Arrow
21:45 Bow Saw
22:53 Leather Archer Armor
26:00 Wheelbarrow
29:15 Heavy Plow
31:52 Hand Cart
Arti
8:28 Loom
10:31 Feudal Age
11:19 Double-Bit Axe
11:57 Stone Mining
13:02 Horse Collar
14:41 Fletching
20:49 Wheelbarrow
21:10 Gold Mining
22:07 Town Watch
23:36 Padded Archer Armor
27:55 Castle Age
28:12 Bloodlines
28:33 Bodkin Arrow
31:59 Ballistics
𝖋𝖔𝖈𝖆
12:00 Feudal Age
12:40 Loom
20:44 Castle Age
19:22 Double-Bit Axe
23:12 Wheelbarrow
23:19 Bow Saw
25:02 Hand Cart
26:42 Pikeman
27:23 Squires
27:09 Arson
Clueless Clown
7:50 Loom
10:51 Feudal Age
14:32 Castle Age
13:07 Scale Mail Armor
15:20 Arson
16:49 Gambesons
21:05 Chain Mail Armor
27:53 Squires
30:24 Fletching
Cr3wCo
8:37 Loom
10:23 Feudal Age
15:13 Castle Age
13:07 Double-Bit Axe
14:25 Bloodlines
14:35 Horse Collar
21:07 Scale Barding Armor
23:27 Chain Barding Armor
24:25 Gold Mining
27:16 Bow Saw
28:36 Wheelbarrow
30:50 Forging
jsanchezg711
6:18 Loom
11:49 Feudal Age
12:27 Double-Bit Axe
13:06 Horse Collar
14:01 Gold Mining
17:03 Wheelbarrow
19:24 Forging
19:22 Scale Mail Armor
29:58 Scale Barding Armor
Lautaro_aoe
8:56 Feudal Age
9:45 Double-Bit Axe
10:50 Loom
19:39 Castle Age
18:21 Horse Collar
18:33 Gold Mining
19:18 Bloodlines
20:04 Scale Barding Armor
27:41 Bow Saw
Connection lost

Rejoining the realm…

Still unreachable

The connection could not be restored.

Session expired

The server has moved on; the page needs a fresh start.